 Dungeon Crawl Stone Soup version 0.30-a0-719-gcc4359ea44 (webtiles) character file.

Game seed: 1119351669099195429

178 Dirtsage the Changer (level 5, -1/33 HPs)
             Began as an Octopode Transmuter on Jan 26, 2023.
             Slain by a goblin
             ... wielding a +0 dagger
              (2 damage)
             ... on level 4 of the Dungeon.
             The game lasted 00:03:56 (1960 turns).

Dirtsage the Changer (Octopode Transmuter)          Turns: 1960, Time: 00:03:57

Health: -1/33      AC:  1    Str: 10    XL:     5   Next: 58%
Magic:  0/8        EV: 13    Int: 17    God:
Gold:   163        SH:  0    Dex: 12    Spells: 1/8 levels left

rFire   . . .      SeeInvis .      - Unarmed
rCold   . . .      Faith    .    (no shield)
rNeg    . . .      Spirit   +    (helmet restricted)
rPois   .          Reflect  .    f - amulet of guardian spirit
rElec   .          Harm     .    o - ring of willpower
rCorr   .          Rampage  .    (no ring)
Will    +....                    (no ring)
Stlth   ++                       (no ring)
HPRegen 0.25/turn                (no ring)
MPRegen 0.11/turn                (no ring)
                                 (no ring)
                                 (no ring)

@: no status effects
A: almost no armour, amphibious, 8 rings, camouflage 1, gelatinous body 1,
(nimble swimmer 1), tentacles
a: no special abilities


You were on level 4 of the Dungeon.
You visited 1 branch of the dungeon, and saw 4 of its levels.

You collected 163 gold pieces.

Inventory:

Magical Staves
 h - a staff of conjuration
Jewellery
 f - an amulet of guardian spirit (around mantle)
 o - a ring of willpower (left tentacle)
Wands
 q - a wand of quicksilver (8)
Scrolls
 d - a scroll of enchant weapon {unknown}
 i - 2 scrolls of amnesia {unknown}
 k - a scroll of teleportation {unknown}
 l - a scroll of butterflies {unknown}
 n - 2 scrolls of fear {unknown}
 p - a scroll of poison {unknown}
 r - 3 scrolls of identify {unknown}
Potions
 a - a potion of lignification
 b - 3 potions of curing {unknown}
 c - 2 potions of degeneration {unknown}
 e - 2 potions of mutation {unknown}
 g - 3 potions of flight {unknown}
 j - a potion of cancellation {unknown}
 m - a potion of invisibility {unknown}
 s - a potion of attraction {unknown}
 t - a potion of brilliance {unknown}


   Skills:
 - Level 1.0 Fighting
 - Level 2.0 Dodging
 - Level 3.0 Unarmed Combat
 - Level 2.0 Spellcasting
 + Level 4.2 Transmutations
 + Level 3.4 Ice Magic


You had one spell level left.
You knew the following spells:

 Your Spells              Type           Power      Damage    Failure   Level
a - Beastly Appendage     Tmut           30%        N/A       3%          1
b - Wereblood             Tmut           15%        N/A       5%          2
c - Ice Form              Ice/Tmut       14%        N/A       36%         4

Your spell library contained the following spells:

 Spells                   Type           Power      Damage    Failure   Level
 Spider Form              Tmut/Pois      8%         N/A       24%         3


Dungeon Overview and Level Annotations

Branches:
Dungeon (4/15)
 Temple: D:4-7

Altars:

Shops:
D:1 ((


Innate Abilities, Weirdness & Mutations

You cannot wear most types of armour.
You are amphibious.
You can wear up to eight rings at the same time.
Your skin changes colour to match your surroundings (Stealth+).
Your rubbery body absorbs attacks. (AC +1, EV +1)
((You are camouflaged when in or above water. (Stealth+)))
You have tentacles for arms and can constrict up to eight enemies at once.


Message History

An orc comes into view. It is wielding a +0 dagger.
The goblin shoots a sling bullet.
The sling bullet barely misses you.
The sling bullet barely misses the orc priest.
You now have 13/33 hp.
The orc shouts!
You tentacle-slap the orc priest but do no damage.
Your grab misses the orc priest. You squeeze the orc priest.
The orc priest is lightly wounded.
You hear a shout!
The orc priest barely misses you.
Casting: Ice Form (extremely dangerous; 36% risk of failure)
Confirm with . or Enter, or press ? or * to list all spells.
You don't have enough magic to cast this spell.
The orc priest attacks as you move away!
The orc priest hits you with a +0 whip.
* * * LOW HITPOINT WARNING * * *
An endoplasm comes into view.
The orc priest invokes the aid of Beogh against you.
You resist with some effort.
The goblin unwields a +0 sling.
The goblin wields a +0 dagger.
The goblin hits you with a +0 dagger.
* * * LOW HITPOINT WARNING * * *
Things that are here:
a +0 dagger; 2 green potions; a scroll labelled OFEOXE CIPPUGRA You take 5 damage, and have 8/33 hp.
An orc comes into view. It is wielding a +0 falchion.
The orc priest hits you with a +0 whip.
* * * LOW HITPOINT WARNING * * *
The orc moves out of view.
You take 4 damage, and have 4/33 hp.
You now have 2/8 mp.
You closely miss the orc priest. You grab the orc priest.
The orc priest is lightly wounded.
You constrict the orc priest, but do no damage.
The orc priest closely misses you. The goblin closely misses you.
You tentacle-slap the orc priest but do no damage.
You squeeze the orc priest.
The orc priest is moderately wounded.
You constrict the orc priest. The orc priest hits you with a +0 whip.
* * * LOW HITPOINT WARNING * * *
The goblin hits you with a +0 dagger.
You die...

# ## . ## .# .#
.. .# #. .. .# #.
## #. .#. .. .o
#.#J# .#....
#.Kg###.....#.
#...#.#@oo# ....
#. #.#)#.# #...#
##...###.†.##...#
.......†.......#
##.####........##
#...>...........
####.....###.##.
#......# #
#.#..###


You could see an orc priest, 2 orcs, an endoplasm, a goblin and a kobold.

Vanquished Creatures
  3 gnolls (D:3)
  7 adders
  A worm (D:2)
  6 dart slugs
  4 orcs
  8 bats
  4 endoplasms
  A giant cockroach (D:2)
  4 goblins
  6 hobgoblins
  6 jackals (D:4)
  4 kobolds
  3 quokkas
  6 ball pythons
  2 frilled lizards
  7 rats
72 creatures vanquished.

Notes
Turn   | Place    | Note
-------+----------+-------------------------------------------
     0 | D:1      | Dirtsage the Octopode Transmuter began the quest for the
                  | Orb.
     0 | D:1      | Reached XP level 1. HP: 13/13 MP: 3/3
    29 | D:1      | Found Ihehoc's Weapon Shop.
    66 | D:1      | Found Ogrehessom's Weapon Shop.
    72 | D:1      | Reached skill level 1 in Ice Magic
    72 | D:1      | Reached XP level 2. HP: 18/18 MP: 3/5
    80 | D:1      | Learned a level 2 spell: Wereblood
   288 | D:1      | Reached XP level 3. HP: 14/23 MP: 6/6
   729 | D:2      | Reached skill level 3 in Transmutations
   982 | D:2      | Found a faded altar of an unknown god.
  1230 | D:3      | Reached XP level 4. HP: 13/28 MP: 4/7
  1243 | D:3      | Learned a level 4 spell: Ice Form
  1611 | D:3      | Reached XP level 5. HP: 30/33 MP: 6/8
  1830 | D:4      | Reached skill level 4 in Transmutations
  1960 | D:4      | HP: 1/33 [orc priest/+0 whip (3)]
  1960 | D:4      | Slain by a goblin

Illustrated notes

Levels and vault maps discovered:
D:1:      ncdulo_smallfort, layout_rooms, serial_shops, nicolae_shop_waterfront,
          shop
D:2:      layout_basic, basic_ecumenical_altar, chequers_arboretum
D:3:      layout_rooms
D:4:      layout_rooms, lemuel_crystal_altar,
          mainiacjoe_overflow_surrounded_room, lemuel_coloured_pillars_altar,
          minmay_starry_boxes

Skill      XL: |  1  2  3  4  5 |
---------------+----------------+-----
Ice Magic      | 1 2 3 |  3.4
Transmutations | 3 4 |  4.2
Fighting       | |  1.0
Dodging        | |  2.0
Unarmed Combat | |  3.0
Spellcasting   | |  2.0

Action                     |  1- 3 |  4- 6 || total
---------------------------+-------+-------++-------
  Melee: Unarmed           |    76 |    77 ||   153
         Kick              |    23 |    13 ||    36
         Constrict         |    23 |    10 ||    33
         Tentacles         |    17 |     5 ||    22
         Punch             |     2 |     4 ||     6
   Cast: Beastly Appendage |    13 |     6 ||    19
         Wereblood         |     2 |     2 ||     4
         Ice Form          |       |     3 ||     3
   Stab: Sleeping          |     5 |     3 ||     8
 Armour: Skin              |     5 |    25 ||    30
  Dodge: Dodged            |    38 |    57 ||    95

Table legend: (Time is in decaauts)
 A = Elapsed time spent in this place.
 B = Non-inter-level travel time spent in this place.
 C = Inter-level travel time spent in this place.
 D = Time resting spent in this place.
 E = Time spent auto-exploring this place.
 F = Levels seen in this place.
 G = Mean time per level.
                   A        B        C        D        E       F      G
               +--------+--------+--------+--------+--------+-----+--------+
         Total |   1948 |   1893 |     55 |      0 |   1468 |   4 |  487.0 |
       Dungeon |   1948 |   1893 |     55 |      0 |   1468 |   4 |  487.0 |
               +--------+--------+--------+--------+--------+-----+--------+

Top non-repeatable levels by time:
     D:2: 690 daAuts
     D:3: 602 daAuts
     D:1: 515 daAuts
     D:4: 140 daAuts
